 Dungeon Crawl Stone Soup version 0.19-a0-1511-g16f215b (webtiles) character file.

26 Jacuzzi the Insei (level 2, 0/23 HPs)
             Began as a Demigod Transmuter on Sept 11, 2016.
             Succumbed to an adder's poison
             ... on level 2 of the Dungeon.
             The game lasted 00:09:32 (1575 turns).

Jacuzzi the Insei (Demigod Transmuter)              Turns: 1575, Time: 00:09:33

Health: 0/23       AC:  5    Str: 13    XL:     2   Next: 69%
Magic:  7/7        EV: 11    Int: 17    God:
Gold:   57         SH:  0    Dex: 16    Spells: 1 memorised, 3 levels left

rFire  . . .     SeeInvis .     e - +0 short sword
rCold  . . .     Gourm    .     d - +0 ring mail
rNeg   . . .     Faith    .     (no shield)
rPois  .         Spirit   .     (no helmet)
rElec  .         Dismiss  .     (no cloak)
rCorr  .         Reflect  .     (no gloves)
MR     .....     Harm     .     (no boots)
Stlth  +.........               (no amulet)
                                (no ring)
                                (no ring)

@: lethally poisoned (0 -> -6)
A: high mp 1
a: no special abilities


You were on level 2 of the Dungeon.
You were not hungry.

You visited 1 branch of the dungeon, and saw 2 of its levels.

You collected 57 gold pieces.

Inventory:

Hand Weapons
 e - a +0 short sword (weapon)
 l - a +0 club
Missiles
 a - 12 arrows
Armour
 b - a +0 robe
 d - a +0 ring mail (worn)
Scrolls
 f - a scroll of remove curse {unknown}
 g - a scroll of fog {unknown}
 i - a scroll of enchant armour {unknown}
Potions
 j - a potion of brilliance {unknown}
 k - a potion of agility {unknown}
Books
 c - a book of Changes

   Spells                             Type                      Level
   a - Beastly Appendage              Transmutation                1
   b - Sticks to Snakes               Transmutation                2
   c - Spider Form                    Transmutation/Poison         3
   d - Ice Form                       Ice/Transmutation            4
   e - Blade Hands                    Transmutation                5
Comestibles
 h - a meat ration


   Skills:
 + Level 1.1 Fighting
 + Level 0.1 Short Blades
 + Level 1.9 Dodging
 + Level 0.6 Stealth
 + Level 3.3 Unarmed Combat
 + Level 1.8 Spellcasting
 + Level 1.9 Transmutations


You had 3 spell levels left.
You knew the following spells:

 Your Spells              Type           Power        Failure   Level  Hunger
a - Beastly Appendage     Tmut           #.....       24%         1    #......


Dungeon Overview and Level Annotations

Branches:
Dungeon (2/15)


Innate Abilities, Weirdness & Mutations

You have an increased reservoir of magic. (+10% MP)


Message History

You hit the adder.
The adder is almost dead.
The adder bites you but does no damage.
You closely miss the adder.
The adder is almost dead.
* * * LOW HITPOINT WARNING * * *
You feel sick. The adder bites you but does no damage. The adder bites you.
* * * LOW HITPOINT WARNING * * *
You hit the adder.
You kill the adder!
* * * LOW HITPOINT WARNING * * *
You feel sick.
Found an escape hatch in the ceiling.
* * * LOW HITPOINT WARNING * * *
You feel sick.
* * * LOW HITPOINT WARNING * * *
You feel sick.
* * * LOW HITPOINT WARNING * * *
You feel sick.
You die...

.... ..# #..# #.#
#..# #.# #..# #.#
#..# #.# #
######..# #.#.#
........#####.#.#
#@........#
#######.#.# #.# #
#.# #.# #.# #.#
############.#
#.<..........#


There were no monsters in sight!

Vanquished Creatures
  An adder (D:2)
  A dart slug (D:1)
  A bat (D:1)
  A giant cockroach (D:1)
  2 goblins (D:1)
  2 hobgoblins (D:1)
  3 kobolds (D:1)
  2 giant newts (D:1)
  2 rats (D:1)
15 creatures vanquished.

Notes
Turn   | Place    | Note
-------+----------+-------------------------------------------
     0 | D:1      | Jacuzzi the Demigod Transmuter began the quest for the Orb.
     0 | D:1      | Reached XP level 1. HP: 15/15 MP: 5/5
   323 | D:1      | Found a roughly hewn altar of Beogh.
   323 | D:1      | Noticed an orc wizard
   324 | D:1      | Noticed an orc warrior
   339 | D:1      | Reached skill level 3 in Unarmed Combat
   347 | D:1      | Noticed an orc wizard
   996 | D:1      | Reached XP level 2. HP: 16/22 MP: 7/7
  1425 | D:1      | Reached skill level 1 in Fighting
  1573 | D:2      | HP: 1/23 [poisoned by an adder]
  1575 | D:2      | Succumbed to an adder's poison

Vault maps used:
D:1:      erik_arrival_cave_to_civilisation, roderic_lattice_a
D:2:      evilmike_ruin_ashenzari, uniq_robin, uniq_sigmund,
          uniq_crazy_yiuf_cottage, uniq_iyjb

Skill      XL: |  1  2 |
---------------+-------+-----
Unarmed Combat | 3 |  3.3
Fighting       | 1 |  1.1
Short Blades   | |  0.1
Dodging        | |  1.9
Stealth        | |  0.6
Spellcasting   | |  1.8
Transmutations | |  1.9

Action                   || total
-------------------------++-------
Melee: Short sword       ||    71
       Unarmed           ||    10
 Stab: Sleeping          ||     1
  Eat: Bread ration      ||     1
Armor: Robe              ||     7
       Ring mail         ||     7
Dodge: Dodged            ||    42
